 Dungeon Crawl Stone Soup version 0.29.1-1-gd02db6906a (webtiles) character file.

Game seed: 15576076955321167926

129 mopl the Poker (level 4, -1/36 HPs)
             Began as a Palentonga Gladiator on Oct 19, 2022.
             Was an Initiate of Yredelemnul.
             Slain by a gnoll
             ... wielding a +0 spear
              (2 damage)
             ... on level 3 of the Dungeon.
             The game lasted 00:02:40 (2262 turns).

mopl the Poker (Palentonga Gladiator)               Turns: 2262, Time: 00:02:41

Health: -1/36      AC:  8    Str: 21    XL:     4   Next: 88%
Magic:  4/4        EV:  9    Int:  8    God:    Yredelemnul [......]
Gold:   236        SH:  0    Dex: 12    Spells: 3/3 levels left

rFire   . . .      SeeInvis +   a - +0 trident
rCold   . . .      Faith    .   (no shield)
rNeg    . . .      Spirit   .   f - +0 ring mail
rPois   .          Reflect  .   c - +0 helmet
rElec   .          Harm     .   k - +1 cloak
rCorr   .          Rampage  .   (no gloves)
Will    .....                   (no barding)
Stlth   +.........              (no amulet)
HPRegen 0.12/turn               (no ring)
MPRegen 0.09/turn               (no ring)

@: no status effects
A: large, rugged brown scales 3, see invisible, deformed body, roll 1, armoured
tail
a: Rolling Charge, Renounce Religion, Recall Undead Harvest


You were on level 3 of the Dungeon.
You worshipped Yredelemnul.
Yredelemnul was noncommittal.
You visited 1 branch of the dungeon, and saw 3 of its levels.

You collected 236 gold pieces.

Inventory:

Hand Weapons
 a - a +0 trident (weapon)
Missiles
 d - 3 throwing nets
 e - a javelin
 m - 3 poisoned darts (quivered)
Armour
 c - a +0 helmet (worn)
 f - a +0 ring mail (worn)
 k - a +1 cloak (worn)
Scrolls
 g - 2 scrolls of enchant weapon {unknown}
 i - a scroll of butterflies {unknown}
 l - a scroll of acquirement {unknown}
 n - a scroll of magic mapping {unknown}
 p - a scroll of summoning {unknown}
 q - a scroll of poison {unknown}
 r - a scroll of enchant armour {unknown}
Potions
 b - 2 potions of curing {unknown}
 h - a potion of might {unknown}
 j - 2 potions of lignification {unknown}
 o - a potion of attraction {unknown}


   Skills:
 + Level 2.6 Fighting
 * Level 3.6 Polearms
 + Level 1.9 Throwing
 + Level 1.2 Armour
 + Level 2.9 Dodging
 + Level 0.7 Invocations


You had 3 spell levels left.
You didn't know any spells.
Your spell library contained the following spells:

 Spells                   Type           Power      Damage    Failure   Level
 Static Discharge         Conj/Air       0%         3-3/arc   73%         2
 Portal Projectile        Hex/Tloc       0%         N/A       91%         3
 Tukima's Dance           Hex            0%         N/A       91%         3
 Blade Hands              Tmut           0%         N/A       100%        5
 Lightning Bolt           Conj/Air       0%         1d11      100%        5
 Maxwell's Capacitive Co  Air            0%         ∞         100%        8


Dungeon Overview and Level Annotations

Branches:
Dungeon (3/15)

Altars:
Kikubaaqudgha
Yredelemnul


Innate Abilities, Weirdness & Mutations

You are completely covered in rugged brown scales. (AC +3, +7% HP)
You have supernaturally acute eyesight. (SInv)
Armour fits poorly on your strangely shaped body.
You can roll at nearby foes to attack.
You have a long armoured tail.


Message History

The goblin shouts! x2; You hear a shout!
A gnoll comes into view. It is wielding a +0 spear.
Found a scroll labelled YNGOUM TYURUST.
You are too injured to fight recklessly!
You are too injured to fight recklessly!
You are too injured to fight recklessly!
You are too injured to fight recklessly!
You are too injured to fight recklessly!
You closely miss the goblin. You hit the goblin but do no damage.
Your tail-slap misses the goblin.
The goblin barely misses you. The goblin closely misses you.
The goblin hits you with a +0 club.
* * * LOW HITPOINT WARNING * * *
The goblin hits you but does no damage.
Unknown command.
You barely miss the goblin. The goblin closely misses you.
The goblin misses you.
Unknown command.
You hit the goblin.
You kill the goblin!
The goblin hits you but does no damage.
The gnoll hits you from afar with a +0 spear.
* * * LOW HITPOINT WARNING * * *
Unknown command.
Unknown command.
You barely miss the goblin. You tail-slap the goblin.
You kill the goblin!
The gnoll hits you but does no damage.
Unknown command.
Reach: a) +0 trident
Press: ? - help, Dir - move target, f - gnoll
Aim: a gnoll, wielding a +0 spear (ally target, about 39% to evade your +0 trident)
You could not reach far enough!
Your gnoll zombie hits the gnoll.
The gnoll hits you from afar with a +0 spear!
* * * LOW HITPOINT WARNING * * *
The gnoll hits your gnoll zombie with a +0 spear!
Your gnoll zombie barely misses the gnoll.
The gnoll hits you from afar with a +0 spear.
You die...
Your body rises from the dead as a mindless zombie.

............. ......
~~......~~~~~ .~....
~))....~~~≈~~ ~~≈~~~~
≈~~....~≈≈≈≈≈ ≈≈≈≈≈
≈~......~≈≈≈≈ ≈≈≈≈#
####''################
#### #.)).#
......#.....## #.)..#
...?.gZ).....##
##.)).#########@......#
#......#..............#
+......'.....)).......+
#......#.....)........#
##....#########.......#
#....#......))......##
#....#......)#...).##
####################


You could see a gnoll (ally target) and a friendly gnoll zombie.

Vanquished Creatures
  2 adders (D:2)
  2 gnolls (D:3)
  A worm (D:2)
  A dart slug (D:2)
  5 bats (D:1)
  5 endoplasms
  3 giant cockroaches
  13 goblins
  7 hobgoblins
  4 kobolds
  2 quokkas (D:2)
  6 ball pythons
  4 frilled lizards
  16 rats
71 creatures vanquished.

Vanquished Creatures (collateral kills)
  An adder (D:3)
  4 goblins (D:3)
  2 hobgoblins (D:3)
7 creatures vanquished.

Vanquished Creatures (others)
  2 hound zombies (D:3)
  An adder zombie (D:3)
  3 goblin zombies (D:3)
  3 hobgoblin zombies (D:3)
9 creatures vanquished.

Grand Total: 87 creatures vanquished

Notes
Turn   | Place    | Note
-------+----------+-------------------------------------------
     0 | D:1      | mopl the Palentonga Gladiator began the quest for the Orb.
     0 | D:1      | Reached XP level 1. HP: 17/17 MP: 1/1
   138 | D:1      | Reached XP level 2. HP: 23/23 MP: 2/2
   317 | D:1      | Reached skill level 3 in Polearms
  1028 | D:2      | Reached XP level 3. HP: 28/28 MP: 3/3
  1134 | D:2      | Found an ancient bone altar of Kikubaaqudgha.
  1706 | D:2      | Reached XP level 4. HP: 36/36 MP: 4/4
  1942 | D:3      | Reached skill level 1 in Armour
  2125 | D:3      | Found a faded altar of an unknown god.
  2159 | D:3      | Prayed at the altar of an unknown god.
  2159 | D:3      | Became a worshipper of Yredelemnul the Dark
  2159 | D:3      | Reached * piety under Yredelemnul
  2260 | D:3      | HP: 1/36 [gnoll/+0 spear (7)]
  2262 | D:3      | Slain by a gnoll

Illustrated notes

Levels and vault maps discovered:
D:1:      dpeg_arrival_rhombus, layout_basic, chequers_serial_rivers_micro_a
D:2:      layout_loops_ring, basic_altar
D:3:      minmay_goblin_kobold_castle, layout_basic,
          hellmonk_ecumenical_altar_inner_sanctum, minmay_rat_hole

Skill      XL: |  1  2  3  4 |
---------------+-------------+-----
Polearms       | 3 |  3.6
Armour         | 1 |  1.2
Fighting       | |  2.6
Throwing       | |  1.9
Dodging        | |  2.9
Invocations    | |  0.7

Action                   |  1- 3 |  4- 6 || total
-------------------------+-------+-------++-------
Melee: Trident           |   141 |    56 ||   197
       Tailslap          |    12 |     6 ||    18
       Punch             |     3 |       ||     3
Armor: Leather armour    |    16 |       ||    16
       Ring mail         |    48 |    42 ||    90
Dodge: Dodged            |    60 |    26 ||    86
